 Dungeon Crawl Stone Soup version 0.25-a0-647-gd602d06ee1 (webtiles) character file.

Game seed: 12350748695866003366, levelgen mode: deterministic

1592 MackTheKnife the Slinger (level 8, -1/58 HPs)
             Began as a Demonspawn Wanderer on Mar 21, 2020.
             Slain by a wraith (3 damage)
             ... on level 7 of the Dungeon.
             The game lasted 00:09:32 (5086 turns).

MackTheKnife the Slinger (Demonspawn Wanderer)      Turns: 5086, Time: 00:09:32

Health: -1/58      AC:  6    Str: 14 (15) XL:     8   Next: 61%
Magic:  0/10       EV: 10    Int: 11 (12) God:
Gold:   280        SH:  0    Dex: 11 (14) Spells: 10/12 levels left

rFire    + + .     SeeInvis +   b - +7 hunting sling "Geceim" {venom, rF++ SInv Stlth-}
rCold    + . .     Gourm    .   (no shield)
rNeg     . . .     Faith    .   g - +0 ring mail
rPois    .         Spirit   +   (no helmet)
rElec    .         Reflect  .   (no cloak)
rCorr    .         Harm     .   (no gloves)
MR       .....                  h - +1 pair of boots
Stlth    ..........             i - amulet of guardian spirit {Spirit}
HPRegen  0.19/turn              u - ring of protection from cold {rC+, !d}
MPRegen  0.12/turn              (no ring)

@: brilliant, hasted and slowed
A: talons 1, thin metallic scales 1, deformed body, demonic guardian 1, low mp
1, evolution 1, rot immunity
a: no special abilities


You were on level 7 of the Dungeon.
You were not hungry.

You visited 1 branch of the dungeon, and saw 7 of its levels.

You collected 280 gold pieces.

Inventory:

Hand Weapons
 a - a +2 short sword of flaming
   (You took it off a kobold on level 1 of the Dungeon)
 b - the +7 hunting sling "Geceim" (weapon) {venom, rF++ SInv Stlth-}
   (You found it on level 5 of the Dungeon)

   It poisons the ammo it fires.
   It greatly protects you from fire.
   It lets you see invisible.
   It makes you less stealthy.
Missiles
 e - 87 stones (quivered)
Armour
 g - a +0 ring mail (worn)
   (You found it on level 1 of the Dungeon)
 h - a +1 pair of boots (worn)
   (You found it on level 1 of the Dungeon)
 l - a +0 buckler
   (You found it on level 2 of the Dungeon)
Jewellery
 i - an amulet of guardian spirit (around neck) {Spirit}
   (You found it on level 1 of the Dungeon)
 u - a ring of protection from cold (left hand) {rC+, !d}
   (You found it on level 5 of the Dungeon)
Wands
 C - a wand of acid (5)
   (You found it on level 5 of the Dungeon)
Scrolls
 d - 4 scrolls of remove curse
 k - 4 scrolls of identify
 o - a scroll of magic mapping {!r}
 p - 2 scrolls of enchant armour
Potions
 c - a potion of mutation {!q}
 j - a potion of cancellation {unknown}
 m - 2 potions of ambrosia
 n - 3 potions of curing
 r - a potion of degeneration {!q}
 t - a potion of might {unknown}
 w - a potion of invisibility {unknown}
 x - a potion of flight
 z - a potion of heal wounds {unknown}
Comestibles
 f - 6 rations


   Skills:
 + Level 3.3 Fighting
   Level 2.3 Maces & Flails
 + Level 8.3 Slings
 - Level 1.0(5.2) Throwing
 - Level 1.7 Armour
 - Level 1.0 Stealth
 - Level 2.6 Spellcasting
 - Level 2.5 Summonings
   Level 1.0 Fire Magic
   Level 2.6 Earth Magic


You had 10 spell levels left.
You knew the following spells:

 Your Spells              Type           Power        Failure   Level  Hunger
c - Call Imp              Summ           ##......     28%         2    None

Your spell library contained the following spells:

 Spells                   Type           Power        Failure   Level  Hunger
 Foxfire                  Conj/Fire      #...         41%         1    None
 Magic Dart               Conj           #...         50%         1    None
 Blink                    Tloc           N/A          63%         2    None
 Slow                     Hex            #.......     63%         2    None
 Conjure Flame            Conj/Fire      #.......     80%         3    None
 Inner Flame              Hex/Fire       #.......     80%         3    None
 Mephitic Cloud           Conj/Pois/Air  #.......     86%         3    None


Dungeon Overview and Level Annotations

Branches:
Dungeon (7/15)
 Temple: D:4-7

Altars:
Fedhas
Qazlal

Annotations:
D:6 1 exclusion
D:7 2 transporters, Dowan; StormphoenixUK's ghost, novice MiBe


Innate Abilities, Weirdness & Mutations

You have sharp toenails.
You are partially covered in thin metallic scales. (AC +2)
A weak demonic guardian rushes to your aid.
You are immune to rotting.
Armour fits poorly on your strangely shaped body.
Your magical capacity is low. (-10% MP)
You evolve.


Message History

You shoot a stone. The stone closely misses the wraith.
Firing (i - inventory)
e - 97 stones (quivered)
Aim: a wraith (lightly damaged)
You shoot a stone. The stone hits the wraith.
The wraith barely misses you.
Firing (i - inventory)
e - 96 stones (quivered)
Aim: a wraith (lightly damaged)
You shoot a stone. The stone barely misses the wraith.
The wraith barely misses you.
Firing (i - inventory)
e - 95 stones (quivered)
Aim: a wraith (lightly damaged)
You shoot a stone. The stone closely misses the wraith.
The wraith hits you. The wraith drains your vigour!
You feel yourself slow down.
A yak comes into view.
You take 2 damage, and have 51/58 hp.
You now have 8/10 mp.
Firing (i - inventory)
e - 94 stones (quivered)
Aim: a wraith (lightly damaged)
You shoot a stone. The stone closely misses the wraith.
The yak bellows!
You hear a shout!
The wraith hits you but does no damage.
Firing (i - inventory)
e - 93 stones (quivered)
Aim: a wraith (lightly damaged)
You shoot a stone. The stone barely misses the wraith.
The wraith hits you. Something barely misses your ufetubus.
You take 4 damage, and have 47/58 hp.
You now have 7/10 mp.
Firing (i - inventory)
e - 92 stones (quivered)
Aim: a wraith (lightly damaged)
You shoot a stone. The stone barely misses the wraith.
The wraith hits you! The wraith drains your vigour!
You feel as though you will be slow longer.
Your ufetubus hits the yak.
Your ufetubus barely misses the yak.
Something barely misses your ufetubus.
You take 6 damage, and have 41/58 hp.
You now have 6/10 mp.
Firing (i - inventory)
e - 91 stones (quivered)
Aim: a wraith (lightly damaged)
You shoot a stone. The stone closely misses the wraith.
The wraith barely misses you.
Your ufetubus barely misses the wraith.
Your ufetubus hits the wraith but does no damage.
A yak comes into view.
The wraith hits you! The wraith drains your vigour!
You feel as though you will be slow longer.
You take 6 damage, and have 35/58 hp.
You now have 5/10 mp.
Unknown command.
Okay, then.
Firing (i - inventory)
e - 90 stones (quivered)
Aim: a wraith (lightly damaged)
You shoot a stone. The stone completely misses the wraith.
Your ufetubus misses the wraith.
Your ufetubus barely misses the wraith.
The yak barely misses your ufetubus.
Your ufetubus hits the wraith. Your ufetubus misses the wraith.
The wraith barely misses you. Something gores your ufetubus.
Firing (i - inventory)
e - 89 stones (quivered)
Aim: a wraith (moderately damaged)
You shoot a stone. The stone hits the wraith.
Your ufetubus hits the wraith but does no damage. x2
The yak gores your ufetubus!
Your ufetubus dies!
The wraith hits you but does no damage.
Firing (i - inventory)
e - 88 stones (quivered)
Aim: a wraith (moderately damaged)
You shoot a stone. The stone closely misses the wraith.
The wraith hits you. The wraith drains your vigour!
You feel as though you will be slow longer.
The yak gores you!
Dowan, Brother of Duvessa comes into view.
He is wielding a +0 dagger.
You take 16 damage, and have 19/58 hp.
MASSIVE DAMAGE!!
You now have 3/10 mp.
Unknown command.
Okay, then.
You feel yourself speed up.
Dowan seems to find hidden reserves of power!
Dowan casts a spell.
Dowan blinks!
The wraith hits you!
* * * LOW HITPOINT WARNING * * *
The wraith drains your vigour!
You feel as though you will be slow longer.
The yak closely misses you. The wraith hits you but does no damage.
You take 10 damage, and have 9/58 hp.
You now have 2/10 mp.
Dowan breathes, "And she was my only..."
Dowan hits you but does no damage. Dowan closely misses you.
It was a potion of brilliance.
You feel clever all of a sudden. Dowan hits you with a +0 dagger.
* * * LOW HITPOINT WARNING * * *
The wraith hits you!
* * * LOW HITPOINT WARNING * * *
You take 8 damage, and have 1/58 hp.
You now have 0/10 mp.
Unknown command.
Okay, then.
As you read the scroll of fear, it crumbles to dust.
You assume a fearsome visage.
The wraith is unaffected.
The yak looks frightened! x2; Dowan looks frightened!
Dowan mumbles some strange words.
Dowan blinks!
Dowan casts a spell.
Dowan blinks!
The wraith hits you.
You die...

##. ###...#.#...###..## ##....#.
#. ......#........## #....©#$ # #
#...#.#...##### ##.....#[ ##
#..#...#..# ##.....©#$ .###
#.#.....#.# ###....#..#O
...######..Y....######.....##..#O
.......#####'#####........###..#W
#.....(.(((((..W........### #..#O
#####.........Y§@...###.#####..##
#####....§.##>### #..........
#[####.##.# #.#######'# #.#
#.##.# #.# #.# #)# #....# #.# #.#
#.# ###### #.# #.# #.# ..# #.#
#.# ### #.. #.# ###


You could see 2 yaks and a wraith.

Vanquished Creatures
  A hungry ghost (D:7)
  Duvessa (D:7)
  An ogre (D:4)
  2 centaurs
  A big kobold (D:7)
  A gnoll sergeant (D:7)
  3 wights (D:7)
  A howler monkey (D:7)
  2 crimson imps
  A hound (D:7)
  A centaur skeleton (D:6)
  A jelly (D:7)
  2 bullfrog skeletons
  3 orc wizards
  An iguana (D:5)
  5 worker ants
  A worker ant zombie (D:5)
  3 gnolls (D:7)
  5 adders
  A shadow imp (D:5)
  2 oozes (D:1)
  An adder zombie (D:5)
  2 adder skeletons (D:4)
  2 worms
  A dart slug (D:1)
  2 leopard geckos
  6 orcs
  2 ball pythons
  3 giant cockroaches (D:1)
  3 goblins
  8 hobgoblins
  4 jackals
  2 quokkas
  8 bats
  5 frilled lizards
  5 kobolds
  3 rats
96 creatures vanquished.

Vanquished Creatures (collateral kills)
  A hippogriff (D:7)
  An ice beast (D:5)
  A bullfrog (D:7)
  A gnoll (D:7)
  2 orcs (D:4)
  A frilled lizard (D:4)
7 creatures vanquished.

Vanquished Creatures (others)
  6 plants (D:6)
6 creatures vanquished.

Grand Total: 109 creatures vanquished

Notes
Turn   | Place    | Note
-------+----------+-------------------------------------------
     0 | D:1      | MackTheKnife the Demonspawn Wanderer began the quest for
                  | the Orb.
     0 | D:1      | MackTheKnife set off with the following items: a +0 mace, a
                  | +0 robe, a ration; and the following spells available to
                  | memorise: Foxfire, Magic Dart, Blink, Call Imp, Slow,
                  | Conjure Flame, Inner Flame, Mephitic Cloud
     0 | D:1      | Reached XP level 1. HP: 13/13 MP: 2/2
   230 | D:1      | Reached skill level 2 in Maces & Flails
   230 | D:1      | Gained mutation: A weak demonic guardian rushes to your
                  | aid. [demonic ancestry]
   230 | D:1      | Reached XP level 2. HP: 12/19 MP: 3/3
   818 | D:1      | Reached skill level 1 in Fighting
   895 | D:1      | Reached XP level 3. HP: 25/26 MP: 4/4
   935 | D:1      | You fall into a shaft and drop 1 floor!
  1426 | D:2      | You fall into a shaft and drop 2 floors!
  1454 | D:4      | Reached skill level 2 in Fighting
  1480 | D:4      | HP: 7/28 [poisoned by a worker ant]
  1485 | D:4      | Noticed an ogre
  1820 | D:2      | Reached XP level 4. HP: 34/34 MP: 5/5
  1854 | D:2      | Reached skill level 3 in Fighting
  2083 | D:2      | Learned a level 2 spell: Call Imp
  2878 | D:4      | Killed an ogre
  2878 | D:4      | Reached skill level 2 in Spellcasting
  2878 | D:4      | Reached skill level 1 in Summonings
  2878 | D:4      | Gained mutation: You are immune to rotting. [demonic
                  | ancestry]
  2878 | D:4      | Reached XP level 5. HP: 37/41 MP: 6/8
  2939 | D:4      | Reached skill level 2 in Summonings
  3078 | D:4      | Found a stormy altar of Qazlal.
  3154 | D:5      | Entered Level 5 of the Dungeon
  3178 | D:5      | Got a crystal hunting sling
  3179 | D:5      | Identified the +7 hunting sling "Geceim" {venom, rF++ SInv
                  | Stlth-} (You found it on level 5 of the Dungeon)
  3193 | D:5      | Noticed an ice beast
  3340 | D:5      | Reached skill level 1 in Slings
  3340 | D:5      | Gained mutation: You have sharp toenails. [demonic
                  | ancestry]
  3340 | D:5      | Reached XP level 6. HP: 47/47 MP: 9/9
  3350 | D:5      | Killed an ice beast
  3350 | D:5      | Reached skill level 2 in Slings
  3609 | D:5      | Reached skill level 3 in Slings
  4018 | D:6      | Gained mutation: You are partially covered in thin metallic
                  | scales. (AC +2) [demonic ancestry]
  4018 | D:6      | Reached XP level 7. HP: 44/52 MP: 10/10
  4025 | D:6      | Reached skill level 4 in Slings
  4222 | D:6      | Found a blossoming altar of Fedhas.
  4503 | D:7      | Noticed a hungry ghost
  4517 | D:7      | Killed a hungry ghost
  4517 | D:7      | Reached skill level 5 in Slings
  4580 | D:7      | Reached skill level 6 in Slings
  4583 | D:7      | Reached XP level 8. HP: 58/58 MP: 11/11
  4643 | D:7      | Reached skill level 7 in Slings
  4653 | D:7      | Noticed a hippogriff
  4657 | D:7      | Killed a hippogriff
  4666 | D:7      | Noticed Duvessa
  4670 | D:7      | Noticed a cyclops
  4679 | D:7      | Noticed a hippogriff
  4685 | D:7      | Noticed a manticore
  4689 | D:7      | Gained mutation: Armour fits poorly on your strangely
                  | shaped body. [potion of mutation]
  4689 | D:7      | Gained mutation: Your magical capacity is low. (-10% MP)
                  | [potion of mutation]
  4689 | D:7      | Gained mutation: You evolve. [potion of mutation]
  4690 | D:7      | HP: 14/58 [manticore (11)]
  4700 | D:7      | Killed Duvessa
  4975 | D:7      | Reached skill level 8 in Slings
  5028 | D:7      | Found a transporter.
  5029 | D:7      | Found a transporter.
  5031 | D:7      | Noticed StormphoenixUK's ghost (novice MiBe)
  5031 | D:7      | Identified the +3 great mace "Goeh" {vorpal, MP+9}
  5080 | D:7      | Noticed Dowan
  5081 | D:7      | HP: 9/58 [wraith (11)]
  5085 | D:7      | HP: 1/58 [wraith (6)]
  5086 | D:7      | Slain by a wraith

Levels and vault maps discovered:
D:1:      tarquinn_simple_flora_water_c, layout_loops_ring, serial_rivers,
          chequers_serial_rivers_small_b, chequers_serial_rivers_large_b,
          chequers_serial_rivers_micro_b, chequers_serial_rivers_small_b,
          chequers_serial_rivers_room_b
D:2:      layout_loops_ring, minmay_vboxes
D:3:      layout_rooms, kennysheep_boxes
D:4:      minmay_angry_zag, layout_basic, minmay_temple_entry_mini_moons,
          first_ration, grunt_qazlal_clouds
D:5:      layout_loops_cross
D:6:      layout_basic, fedhas_altar_decomposition
D:7:      minmay_the_grid_plus_closed [minmay_the_grid_outer_diamond,
          minmay_the_grid_minigrid_large, minmay_the_grid_x,
          minmay_the_grid_gridbox,
          minmay_the_grid_prize_four_corners_diamond_b], layout_basic,
          gammafunk_ghost_smash, uniq_duvessa

Skill      XL: |  1  2  3  4  5  6  7  8 |
---------------+-------------------------+-----
Maces & Flails | 2 |  2.3
Fighting       | 1 2 3 |  3.3
Spellcasting   | 2 |  2.6
Summonings     | 1 2 |  2.5
Slings         | 1 3 6 8 |  8.3
Throwing       | |  1.0
Armour         | |  1.7
Stealth        | |  1.0
Fire Magic     | |  1.0
Earth Magic    | |  2.6

Action                   |  1- 3 |  4- 6 |  7- 9 || total
-------------------------+-------+-------+-------++-------
Melee: Mace              |    31 |       |       ||    31
       Short sword       |    72 |    95 |       ||   167
 Fire: Hunting sling     |       |    48 |   134 ||   182
  Use: Scroll            |       |    11 |     3 ||    14
       Potion            |       |       |     8 ||     8
  Eat: Chunk             |     2 |     7 |     4 ||    13
       Ration            |       |       |     2 ||     2
Armor: Robe              |     9 |       |       ||     9
       Ring mail         |    42 |    44 |    26 ||   112
Dodge: Dodged            |    66 |    65 |    44 ||   175

Table legend:
 A = Non-vault XP
 B = Vault XP
 C = Vault XP percentage of total XP
 D = Non-vault monster count
 E = Vault monster count
 F = Vault count percentage of total count
                 A         B        C        D         E       F
            +---------+---------+-------+---------+---------+-------
      Total |    1508 |     767 |  33.7 |      88 |      15 |  14.6
            +---------+---------+-------+---------+---------+-------
        D:1 |      47 |       0 |   0.0 |      21 |       0 |   0.0
        D:2 |      54 |       3 |   5.3 |      10 |       2 |  16.7
        D:3 |      37 |       0 |   0.0 |      13 |       0 |   0.0
        D:4 |      79 |     145 |  64.7 |       5 |       6 |  54.5
        D:5 |     348 |       0 |   0.0 |      14 |       0 |   0.0
        D:6 |     265 |       0 |   0.0 |      10 |       0 |   0.0
        D:7 |     678 |     619 |  47.7 |      15 |       7 |  31.8
            +---------+---------+-------+---------+---------+-------

Levels and vault maps discovered:
D:1:      tarquinn_simple_flora_water_c, layout_loops_ring, serial_rivers,
          chequers_serial_rivers_small_b, chequers_serial_rivers_large_b,
          chequers_serial_rivers_micro_b, chequers_serial_rivers_small_b,
          chequers_serial_rivers_room_b
D:2:      layout_loops_ring, minmay_vboxes
D:3:      layout_rooms, kennysheep_boxes
D:4:      minmay_angry_zag, layout_basic, minmay_temple_entry_mini_moons,
          first_ration, grunt_qazlal_clouds
D:5:      layout_loops_cross
D:6:      layout_basic, fedhas_altar_decomposition
D:7:      minmay_the_grid_plus_closed [minmay_the_grid_outer_diamond,
          minmay_the_grid_minigrid_large, minmay_the_grid_x,
          minmay_the_grid_gridbox,
          minmay_the_grid_prize_four_corners_diamond_b], layout_basic,
          gammafunk_ghost_smash, uniq_duvessa

Table legend:
 A = Turns spent in this place as a percentage of turns spent in the entire game.
 B = Non-inter-level travel turns spent in this place as a percentage of non-inter-level travel turns spent in the entire game.
 C = Inter-level travel turns spent in this place as a percentage of turns spent in this place.
 D = Turns resting spent in this place as a percentage of non-inter-level travel turns spent in this place.
 E = Turns spent auto-exploring this place as a percentage of non-inter-level travel turns spent in this place.
 F = Non-inter-level travel turns spent in this place divided by the number of levels of this place that you've seen.
                   A       B       C       D       E      F
               +-------+-------+-------+-------+-------+----------------------
         Total | 100.0 | 100.0 |   9.8 |  19.5 |  61.3 | 655.7
       Dungeon | 100.0 | 100.0 |   9.8 |  19.5 |  61.3 | 655.7
               +-------+-------+-------+-------+-------+----------------------

Table legend:
 A = Kills in this place as a percentage of kills in entire the game.
 B = Kills by you in this place as a percentage of kills by you in the entire game.
 C = Kills by friends in this place as a percentage of kills by friends in the entire game.
 D = Other kills in this place as a percentage of other kills in the entire game.
 E = Experience gained in this place as a percentage of experience gained in the entire game.
 F = Experience gained in this place divided by the number of levels of this place that you have seen.
                   A       B       C       D       E      F
               +-------+-------+-------+-------+-------+----------------------
         Total | 100.0 | 100.0 | 100.0 |   N/A | 100.0 | 325.0
       Dungeon | 100.0 | 100.0 | 100.0 |   N/A | 100.0 | 325.0
               +-------+-------+-------+-------+-------+----------------------
